 Dungeon Crawl Stone Soup version 0.29-a0-613-gf2c431b9b9 (webtiles) character file.

Game seed: 15580498714440914193

16 sammy202020 the Skirmisher (level 2, 0/27 HPs)
             Began as a Minotaur Fighter on June 16, 2022.
             Slain by a kobold
             ... wielding a +0 short sword
              (4 damage)
             ... on level 1 of the Dungeon.
             The game lasted 00:00:33 (166 turns).

sammy202020 the Skirmisher (Minotaur Fighter)        Turns: 166, Time: 00:00:33

Health: 0/27       AC:  7    Str: 20    XL:     2   Next: 37%
Magic:  1/1        EV:  9    Int:  5    God:
Gold:   0          SH:  4    Dex:  9    Spells: 1/1 levels left

rFire   . . .      SeeInvis .   a - +0 war axe
rCold   . . .      Faith    .   c - +0 buckler
rNeg    . . .      Spirit   .   b - +0 scale mail
rPois   .          Reflect  .   (helmet restricted)
rElec   .          Harm     .   (no cloak)
rCorr   .          Rampage  .   (no gloves)
Will    .....                   (no boots)
Stlth   ..........              (no amulet)
HPRegen 0.09/turn               (no ring)
MPRegen 0.07/turn               (no ring)

@: no status effects
A: horns 2, retaliatory headbutt
a: no special abilities


You were on level 1 of the Dungeon.
You visited 1 branch of the dungeon, and saw 1 of its levels.

Inventory:

Hand Weapons
 a - a +0 war axe (weapon)
Armour
 b - a +0 scale mail (worn)
 c - a +0 buckler (worn)
Scrolls
 f - a scroll of fog {unknown}
Potions
 d - a potion of might
 e - 2 potions of haste {unknown}


   Skills:
 * Level 4.0 Fighting
 * Level 2.9 Axes
 + Level 3.8 Armour
 + Level 0.5 Dodging
 + Level 3.7 Shields


You had one spell level left.
You didn't know any spells.
Your spell library was empty.

Dungeon Overview and Level Annotations

Branches:
Dungeon (1/15)

Altars:


Innate Abilities, Weirdness & Mutations

You have a pair of horns on your head.
You reflexively headbutt those who attack you in melee.


Message History

You are too injured to fight recklessly!
You are too injured to fight recklessly!
You are too injured to fight recklessly!
You are too injured to fight recklessly!
You are too injured to fight recklessly!
You hit the kobold but do no damage. You miss the kobold.
The kobold hits you but does no damage.
The kobold hits you with a +0 short sword.
You hit the kobold.
You kill the kobold!
You hit the kobold but do no damage. The kobold hits you but does no damage.
The kobold barely misses you.
The kobold hits you with a +0 short sword.
* * * LOW HITPOINT WARNING * * *
Items here: ( )) †††.
You barely miss the kobold. You headbutt the kobold.
The kobold is severely wounded.
You barely miss the endoplasm. The endoplasm closely misses you.
The kobold closely misses you.
Sorry, you're not good enough to have a special ability.
You barely miss the kobold. Your headbutt misses the kobold.
The kobold is heavily wounded.
You slash the endoplasm!
You kill the endoplasm!
You block the kobold's attack.
Your Fighting skill increases to level 4!
You closely miss the kobold.
The kobold is heavily wounded.
You block the kobold's attack. The bat closely misses you.
You furiously retaliate!
You headbutt the bat.
You kill the bat!
The kobold hits you but does no damage.
Unknown command.
You closely miss the kobold.
The kobold is heavily wounded.
The kobold hits you but does no damage.
You closely miss the kobold. Your headbutt misses the kobold.
The kobold is heavily wounded.
The kobold hits you with a +0 short sword.
You die...

.. ########.#. ##
#.##.......... .
#.##.#.####.## #.
#.##.......... #..
#.##.#.#.#.#.. #..####
#.##.......... ..#.....#
#.##.#.#.#.#..
........###.........>...
#..>.@'...#..#.#.#.#..
##..†K######.........#
+..!.' #.#.#.#.#.#
#....## #.........#
....... #.####..##
..###### #.. ## ... #.#
..


You could see a kobold.

Vanquished Creatures
  A bat (D:1)
  2 endoplasms (D:1)
  2 goblins (D:1)
  3 jackals (D:1)
  A quokka (D:1)
  A ball python (D:1)
  A frilled lizard (D:1)
  A kobold (D:1)
  2 rats (D:1)
14 creatures vanquished.

Notes
Turn   | Place    | Note
-------+----------+-------------------------------------------
     0 | D:1      | sammy202020 the Minotaur Fighter began the quest for the
                  | Orb.
     0 | D:1      | Reached XP level 1. HP: 19/19 MP: 0/0
   149 | D:1      | Reached XP level 2. HP: 20/27 MP: 1/1
   164 | D:1      | Reached skill level 4 in Fighting
   166 | D:1      | Slain by a kobold

Illustrated notes

Levels and vault maps discovered:
D:1:      dpeg_arrival_signposts, layout_basic,
          hellmonk_ecumenical_altar_run_dry, supply_closet_lemuel, st_stairs_2

Skill      XL: |  1  2 |
---------------+-------+-----
Fighting       | 4 |  4.0
Axes           | |  2.9
Armour         | |  3.8
Dodging        | |  0.5
Shields        | |  3.7

Action                   || total
-------------------------++-------
Melee: War axe           ||    29
       Headbutt          ||     3
Armor: Scale mail        ||    18
Dodge: Dodged            ||    18
Block: Buckler           ||     8

Table legend: (Time is in decaauts)
 A = Elapsed time spent in this place.
 B = Non-inter-level travel time spent in this place.
 C = Inter-level travel time spent in this place.
 D = Time resting spent in this place.
 E = Time spent auto-exploring this place.
 F = Levels seen in this place.
 G = Mean time per level.
                   A        B        C        D        E       F      G
               +--------+--------+--------+--------+--------+-----+--------+
         Total |    177 |    177 |      0 |      0 |    122 |   1 |  177.0 |
       Dungeon |    177 |    177 |      0 |      0 |    122 |   1 |  177.0 |
               +--------+--------+--------+--------+--------+-----+--------+

Top non-repeatable levels by time:
     D:1: 177 daAuts
